 Dungeon Crawl Stone Soup version 0.32-a0-607-g64ea0e4219 (webtiles) character file.

Game seed: 11822793385645029971

364039 jasper the Skinwalker (level 21, -20/168 HPs)
             Began as a Demonspawn Warper on Mar 3, 2024.
             Was an Initiate of Gozag.
             Shot with an arrow by a deep elf master archer (36 damage)
             ... on level 2 of the Depths.
             The game lasted 01:35:26 (45409 turns).

jasper the Skinwalker (Demonspawn Warper)          Turns: 45409, Time: 01:35:26

Health: -20/168    AC: 20    Str: 13    XL:     21   Next: 55%
Magic:  0/29       EV: 25    Int: 14    God:    Gozag
Gold:   8925       SH:  0    Dex: 25    Spells: 21/24 levels left

rFire   + +          .
                       - Unarmed
rCold   + . .        (shield currently unavailable)
rNeg    + . .        S - +5 moon troll leather armour {Spirit, Regen++ MP+5}
rPois   +            J - +2 helmet of Zeottos {rC+ Dex+3}
rElec   .            h - +2 cloak {rCorr}
rCorr   +            (gloves unavailable)
SInv    +            B - +2 pair of boots {Fly}
Will    +++++        r - amulet of regeneration
Stlth   +++          w - ring "Jecuq" {Fly rPois rF- Will+++ Stlth+}
HPRegen 2.88/turn    n - ring of Qemeff {rF+++ rN+ Will+}
MPRegen 0.21/turn

%: guardian spirit
@: about to teleport, blade hands, gold aura, flying, slowed, studying Stealth,
very slow
A: thin metallic scales 2, demonic guardian 3, spiny 2, augmentation 2, demonic
touch 3, see invisible
}: 2/15 runes: barnacled, gossamer
a: Begin Untransformation, Renounce Religion, Potion Petition, Call Merchant,
Bribe Branch


You were on level 2 of the Depths.
You worshipped Gozag.
Gozag was greatly pleased with you.
You had blades for hands.
You visited 8 branches of the dungeon, and saw 39 of its levels.
You also visited: Ossuary and Gauntlet.

You collected 18038 gold pieces.
You spent 5512 gold pieces at shops.
You paid 3601 gold pieces to Gozag.

Inventory:

Missiles
 v - 6 throwing nets
Armour
 h - a +2 cloak of preservation (worn)
 B - a +2 pair of boots of flying (worn)
 J - the +2 helmet of Zeottos (worn) {rC+ Dex+3}
   (You found it in a Gauntlet)

   Dex+3:     It affects your dexterity (+3).
   rC+:       It protects you from cold.
 S - the +5 moon troll leather armour (worn) {Spirit, Regen++ MP+5}
   (You took it off a spriggan on level 5 of the Lair of Beasts)

   MP+5:      It affects your magic capacity (+5).
   Regen++:   It increases your rate of health regeneration.
Jewellery
 f - the amulet of Elusil {Reflect rF+ Str+2 Int+3 SH+5 SInv}
   (You found it on level 3 of the Elven Halls)

   [amulet of reflection]

   Reflect:   It reflects blocked missile attacks.
   Str+2:     It affects your strength (+2).
   Int+3:     It affects your intelligence (+3).
   rF+:       It protects you from fire.
   SInv:      It lets you see invisible.
   SH+5:      It affects your SH (+5).
 n - the ring of Qemeff (right blade hand) {rF+++ rN+ Will+}
   (You bought it in a shop on level 2 of the Orcish Mines)

   [ring of positive energy]

   rF+++:     It renders you almost immune to fire.
   rN+:       It protects you from negative energy.
   Will+:     It increases your willpower.
 r - an amulet of regeneration (around neck)
 w - the ring "Jecuq" (left blade hand) {Fly rPois rF- Will+++ Stlth+}
   (You took it off a deep elf zephyrmancer on level 3 of the Elven Halls)

   [ring of flight]

   rF-:       It makes you vulnerable to fire.
   rPois:     It protects you from poison.
   Will+++:   It greatly increases your willpower.
   Fly:       It grants you flight.
   Stlth+:    It makes you more stealthy.
Talismans
 l - a blade talisman (active)
 K - a storm talisman
Wands
 p - a wand of roots (37)
 A - a wand of acid (22)
 E - a wand of flame (61)
 F - a wand of digging (38)
 M - a wand of paralysis (41)
 W - a wand of polymorph (29)
 Z - a wand of mindburst (10)
Scrolls
 a - 17 scrolls of identify
 b - 6 scrolls of blinking
 g - 28 scrolls of teleportation
 j - 6 scrolls of immolation
 k - 6 scrolls of fog
 C - 3 scrolls of fear
 D - 2 scrolls of torment
 H - 4 scrolls of revelation
 I - 7 scrolls of vulnerability
 L - 5 scrolls of poison
 R - a scroll of enchant armour
 X - 3 scrolls of butterflies
Potions
 d - 3 potions of resistance
 e - 5 potions of magic
 i - 8 potions of lignification
 m - 6 potions of attraction
 q - 3 potions of berserk rage
 s - 9 potions of heal wounds
 u - 33 potions of curing
 x - 4 potions of cancellation
 G - 4 potions of haste
 O - 12 potions of might
 P - 6 potions of ambrosia
 Q - 7 potions of enlightenment
 T - 6 potions of mutation
 U - 3 potions of invisibility
Miscellaneous
 o - a lightning rod (4/4)
 t - a phial of floods
 z - a box of beasts
 N - a phantom mirror
 V - a tin of tremorstones (2/2)


   Skills:
 - Level 15.0 Fighting
 - Level 0.8 Throwing
 - Level 0.8 Armour
 - Level 15.0 Dodging
 - Level 20.0 Unarmed Combat
 - Level 2.0 Spellcasting
 - Level 5.0 Translocations
 - Level 5.0 Evocations
 + Level 21.4 Shapeshifting


You had 21 spell levels left.
You knew the following spells:

 Your Spells              Type           Power      Damage    Failure   Level
a - Apportation           Tloc           30%        N/A       3%          1
b - Blink                 Tloc           30%        N/A       6%          2

Your spell library contained the following spells:

 Spells                   Type           Power      Damage    Failure   Level
 Lesser Beckoning         Tloc           30%        N/A       6%          2
 Teleport Other           Tloc           15%        N/A       12%         3
 Necrotise                Necr           4%         1d4       30%         1
 Shock                    Conj/Air       4%         1d3       30%         1
 Sting                    Conj/Alch      4%         1d3       30%         1
 Summon Small Mammal      Summ           4%         N/A       30%         1
 Manifold Assault         Tloc           15%        N/A       36%         4
 Passage of Golubria      Tloc           15%        N/A       36%         4
 Cigotuvi's Dreadful Rot  Necr/Alch/Air  2%         N/A       41%         2
 Ensorcelled Hibernation  Hex/Ice        2%         N/A       41%         2
 Jinxbite                 Hex            2%         N/A       41%         2
 Scorch                   Fire           2%         2d5       41%         2
 Static Discharge         Conj/Air       2%         3-4/arc   41%         2
 Sublimation of Blood     Necr           1%         N/A       41%         2
 Call Canine Familiar     Summ           1%         N/A       65%         3
 Confusing Touch          Hex            1%         N/A       65%         3
 Fugue of the Fallen      Necr           1%         N/A       65%         3
 Ozocubu's Armour         Ice            1%         N/A       65%         3
 Passwall                 Erth           1%         N/A       65%         3
 Sigil of Binding         Hex            1%         N/A       65%         3
 Swiftness                Air            1%         N/A       65%         3
 Tukima's Dance           Hex            1%         N/A       65%         3
 Vampiric Draining        Necr           1%         2d6       65%         3
 Dimensional Bullseye     Hex/Tloc       4%         N/A       71%         4
 Iskenderun's Mystic Bla  Conj/Tloc      8%         2d4       71%         4
 Vhi's Electric Charge    Tloc/Air       16%        N/A       71%         4
 Airstrike                Air            0%         2d(1-17)  96%         4
 Anguish                  Hex/Necr       0%         N/A       96%         4
 Animate Armour           Summ/Erth      2%         N/A       96%         4
 Cause Fear               Hex            0%         N/A       96%         4
 Flame Wave               Conj/Fire      1%         2d4       96%         4
 Fulminant Prism          Conj/Alch      0%         3d5       96%         4
 Leda's Liquefaction      Alch/Erth      0%         N/A       96%         4
 Martyr's Knell           Necr/Summ      1%         N/A       96%         4
 Petrify                  Alch/Erth      1%         N/A       96%         4
 Summon Blazeheart Golem  Fire/Summ      1%         N/A       96%         4
 Summon Lightning Spire   Summ/Air       1%         N/A       96%         4
 Summon Forest            Summ/Tloc      4%         N/A       96%         5
 Alistair's Intoxication  Alch           0%         N/A       100%        5
 Borgnjor's Vile Clutch   Necr/Erth      0%         N/A       100%        5
 Curse of Agony           Necr           1%         N/A       100%        5
 Fireball                 Conj/Fire      0%         3d3       100%        5
 Irradiate                Conj/Alch      0%         3d11      100%        5
 Lee's Rapid Deconstruct  Erth           0%         3d4*      100%        5
 Yara's Violent Unravell  Hex/Alch       0%         3d3       100%        5
 Bombard                  Conj/Erth      0%         9d1       100%        6
 Conjure Ball Lightning   Conj/Air       0%         3x3d6     100%        6
 Death Channel            Necr           0%         N/A       100%        6
 Eringya's Noxious Bog    Alch           0%         4d6       100%        6
 Summon Cactus Giant      Summ           0%         N/A       100%        6
 Enfeeble                 Hex            0%         N/A       100%        7
 Haunt                    Necr/Summ      0%         N/A       100%        7
 Orb of Destruction       Conj           0%         9d5       100%        7
 Ozocubu's Refrigeration  Ice            0%         4d7       100%        7
 Spellforged Servitor     Conj/Summ      0%         N/A       100%        7
 Summon Hydra             Summ           0%         N/A       100%        7
 Borgnjor's Revivificati  Necr           0%         N/A       100%        8
 Discord                  Hex            0%         N/A       100%        8
 Disjunction              Tloc           7%         N/A       100%        8
 Lehudib's Crystal Spear  Conj/Erth      0%         10d2      100%        8
 Death's Door             Necr           0%         N/A       100%        9
 Dragon's Call            Summ           0%         N/A       100%        9
 Animate Dead             Necr           Unusable   N/A       N/A         4

Dungeon Overview and Level Annotations

Branches:
Dungeon (15/15)            Temple (0/1) D:5            Lair (5/5) D:9
 Shoals (4/4) Lair:3       Spider (4/4) Lair:3        Slime (0/5) Lair:5
    Orc (2/2) D:12            Elf (3/3) Orc:2        Vaults (4/5) D:13
  Crypt (0/3) Vaults:3     Depths (2/4) D:15        Ossuary (visited)
Gauntlet (visited)

Altars:
Ashenzari
Gozag
Hepliaklqana
Makhleb
Okawaru
Qazlal
Sif Muna
Trog
Wu Jian
Yredelemnul
Beogh
Lugonu

Shops:
D:3 :   D:6 *   D:14 :   Orc:2 (=?*   Elf:1 *   Vaults:2 =   Vaults:4 [*!
Depths:1 **![(

Portals:
Hell: Depths:1 Depths:2
Abyss: Lair:5
Pandemonium: Orc:2 Depths:1
Ziggurat: Depths:2

Annotations:
D:6 Jeremiah, Maggie, Pikel
D:8 3 runed translucent doors, ezpacito's ghost, journeyman DsCK
Shoals:2 2 transporters, Zays's ghost, adept GrEE
Elf:2 3 runed translucent doors
Elf:3 1 exclusion, Mara
Depths:2 Frederick


Innate Abilities, Weirdness & Mutations

You have blades for hands.
You are incapable of wielding weapons or throwing items.
You are mostly covered in thin metallic scales. (AC +3)
A powerful demonic guardian rushes to your aid.
You are mostly covered in sharp spines.
Your magical and physical power is enhanced at high health.
Your touch may irresistibly damage your foes and sap their willpower.
You have supernaturally acute eyesight. (SInv)


Message History

The +2 glaive of flaming hits you but does no damage.
The frost giant gestures at you while chanting.
The bolt of cold hits you! You resist. The +2 glaive of flaming misses you.
The deep elf master archer shoots an arrow.
The arrow completely misses you.
You take 21 damage, and have 81/168 hp.
As you read the scroll of teleportation, it crumbles to dust.
You feel strangely unstable.
You are engulfed in freezing vapours.
You resist.
The +2 glaive of flaming hits you but does no damage.
The deep elf master archer shoots an arrow.
The arrow misses you.
The deep elf master archer shoots an arrow.
The arrow barely misses you.
The frost giant hits you with a +0 great sword of flaming!!
* * * LOW HITPOINT WARNING * * *
The +2 glaive of flaming is engulfed in freezing vapours.
The +2 glaive of flaming hits you but does no damage.
A spriggan air mage comes into view.
The blizzard demon is engulfed in freezing vapours.
The spriggan air mage shouts!
You take 31 damage, and have 50/168 hp.
You now have 3/29 mp.
You are engulfed in freezing vapours.
You resist.
* * * LOW HITPOINT WARNING * * *
The +2 glaive of flaming is distracted by your dazzling golden aura.
The frost giant is engulfed in freezing vapours.
The spriggan air mage waves its arms in wide circles.
The air twists around and strikes you!!
* * * LOW HITPOINT WARNING * * *
The deep elf master archer is engulfed in freezing vapours.
The deep elf master archer shoots an arrow.
The arrow hits you.
* * * LOW HITPOINT WARNING * * *
The frost giant is engulfed in freezing vapours.
The frost giant hits you with a +0 great sword of flaming.
* * * LOW HITPOINT WARNING * * *
The deep elf master archer is engulfed in freezing vapours.
The deep elf master archer shoots an arrow.
The arrow hits you!!!
You die...
Your body crumbles into a pile of gold.

*,*,..*..,<,#...#.#.#|
*,,,..,..,,,#.(.#,,.#.
****#.,.#########,,,##
#.,.#...'....,,,,,
#.#.#.#2#....,,,,,
#**#.○.#.°.'....,,,,,
##.*##○##°°.#####,,,**
#...#C○$(.......#,,,*,
#.≈.e@#..°....#)#,,,*, ***
#...#....$......#,,,*,
**~***###..y#####...#####+*+*,
*,,,+,.....y....#...#...#,,,,,
*,*,*,....#...∩?#.#.#.<.#,,,,,
*,,,,,.i.y......#.(.#...#,,,,,
****,,,*,###...#########...#####,
,,,,,,,,,..+...#.[.#...........#,
,*,,,*,,,≈!#.#.#...#!>...≈...≈..,


You could see a frost giant, a deep elf master archer, a spriggan air mage
(repels missiles) and a +2 glaive of flaming (unaware).

Vanquished Creatures
  A dread lich (Vaults:3)
  Norris (Vaults:1)
  Arachne (Spider:1)
  Jorgrun (Elf:1)
  2 liches (Depths:2)
  A deep elf blademaster (Elf:3)
  A deep elf master archer (Elf:3)
  A kraken (Shoals:2)
  2 sphinxes
  6 fire giants
  A revenant (Vaults:3)
  2 balrugs (Depths:2)
  2 deep elf sorcerers
  A frost giant (Vaults:3)
  Louise (Spider:1)
  2 emperor scorpions (Spider:4)
  8 vault wardens
  A reaper (Depths:1)
  5 ghost moths
  16 ironbound preservers
  10 ironbound thunderhulks
  A broodmother (Spider:4)
  2 deep elf elementalists (Elf:3)
  7 very ugly things (Depths:1)
  A quicksilver ooze (Gauntlet)
  4 stone giants (Depths:1)
  A formless jellyfish (Vaults:3)
  A broodmother (shapeshifter) (Depths:2)
  3 deep elf demonologists (Elf:3)
  5 deep elf death magi
  10 dire elephants
  A minotaur (Gauntlet)
  2 deep elf annihilators (Elf:3)
  A war gargoyle (Vaults:4)
  9 spark wasps
  A blizzard demon (Depths:1)
  3 crystal guardians
  3 jiangshi (Depths:1)
  An eidolon (Vaults:3)
  4 ettins
  A fire dragon (D:15)
  11 merfolk impalers
  2 merfolk javelineers (Shoals:4)
  3 deep elf high priests
  7 yaktaur captains
  4 vault guards
  A rakshasa (Depths:2)
  6 entropy weavers
  An ice dragon (shapeshifter) (Depths:2)
  A great orb of eyes (Vaults:3)
  Fannar (Lair:1)
  An ice dragon (Depths:1)
  3 hydras
  2 merfolk avatars (Shoals:1)
  2 ogre magi
  16 centaur warriors
  2 peacekeepers
  A hydra (shapeshifter) (Depths:2)
  2 spriggan air magi
  A catoblepas (Lair:3)
  2 merfolk aquamancers
  Erica (Lair:2)
  A jorogumo (Spider:1)
  4 ironbound frosthearts
  8 boulder beetles
  A demonspawn (Orc:2)
  An alligator snapping turtle (Shoals:4)
  13 two-headed ogres
  2 radroaches
  2 satyrs
  14 dancing weapons
  A death yak (Lair:4)
  3 deep troll earth magi
  6 tengu warriors
  2 vampire magi (Depths:1)
  2 demonic crawlers
  3 orc high priests (Orc:2)
  The ghost of Ruich the Skirmisher, a novice CoHu of Okawaru (D:12)
  3 thrashing horrors (Lair:5)
  2 occultists (Depths:1)
  2 hell knights
  13 deep elf knights
  A sixfirhy (Orc:2)
  5 skeletal warriors
  2 shadow wraiths (Vaults:3)
  8 pharaoh ants
  10 skysharks
  Amaemon (Lair:1)
  6 sea snakes
  3 large abominations (Lair:5)
  2 iron trolls (Depths:1)
  34 deep trolls
  A glowing orange brain (Vaults:3)
  A goliath frog (Lair:3)
  19 orb spiders
  A death drake (shapeshifter) (Depths:2)
  A kraken simulacrum (Shoals:4)
  2 arcanists
  2 sun moths
  16 harpies
  7 deep elf archers
  A phantasmal warrior (Vaults:3)
  5 ugly things
  18 ironbound convokers
  A tengu zombie (Depths:1)
  3 necromancers
  8 lindwurms
  3 orc knights (Orc:2)
  38 deep elf pyromancers
  10 orc sorcerers
  23 deep elf zephyrmancers
  9 steelbarb worms
  28 wolf spiders
  7 cyclopes
  15 manticores
  8 fauns
  A fire giant zombie (Depths:1)
  2 frost giant skeletons (Depths:1)
  3 moths of wrath
  A salamander (shapeshifter) (Lair:5)
  3 meliai (D:13)
  3 elephants (Lair:2)
  7 merfolk sirens
  2 kobold blastminers (Orc:2)
  Joseph (D:8)
  9 black mambas
  4 water nymphs
  An orange demon (Lair:1)
  5 smoke demons
  8 vault sentinels
  11 cane toads
  7 torpor snails
  A gargoyle (D:10)
  13 yaktaurs
  9 komodo dragons
  A minotaur zombie (Gauntlet)
  A rime drake (Lair:5)
  4 kobold demonologists (D:12)
  An efreet (D:11)
  An ice devil (Gauntlet)
  2 freezing wraiths (Vaults:3)
  2 tengu conjurers
  4 trolls
  A hellwing (Orc:2)
  Grinder (D:4)
  A polar bear (Lair:1)
  30 merfolk
  A polar bear (shapeshifter) (Lair:5)
  10 hornets
  19 tarantellas
  7 wind drakes
  3 dream sheep (Shoals:4)
  A glass eye (shapeshifter) (D:14)
  2 raiju (Lair:5)
  15 blink frogs
  An iron dragon simulacrum (Depths:1)
  37 jumping spiders
  10 snapping turtles
  38 slime creatures
  15 culicivoras
  A shadow (D:13)
  A vampire (D:12)
  A spriggan (Lair:5)
  Sigmund (D:4)
  6 wyverns
  17 water elementals
  3 ynoxinuls
  A wraith (D:13)
  3 fire elementals
  40 yaks
  6 basilisks
  7 wargs
  51 redbacks
  A steam dragon (D:7)
  Menkaure (D:7)
  9 vampire mosquitoes
  3 chaos spawn
  13 water moccasins
  2 acid dragons
  26 orc warriors
  2 black bears
  6 ogres
  2 ice beasts
  A sky beast (D:7)
  4 laughing skulls
  12 small abominations (Lair:5)
  11 wolves
  5 boggarts
  3 lemures (D:6)
  11 centaurs
  A phantom (D:6)
  A gnoll sergeant (D:11)
  8 kobold brigands
  11 bullfrogs
  2 earth elementals
  2 scorpions
  6 wights
  12 killer bees
  8 electric eels
  A howler monkey (D:9)
  2 bombardier beetles
  A centaur zombie (D:4)
  5 hounds
  2 jellies
  3 gnoll boudas
  21 orc priests
  2 sleepcaps
  2 iguanas
  16 orc wizards
  8 mummies (Ossuary)
  Robin (D:4)
  16 gnolls
  5 adders
  A shadow imp (D:8)
  2 white imps (Gauntlet)
  2 ufetubi (D:7)
  An adder zombie (D:4)
  2 ribbon worms (D:2)
  2 dart slugs
  73 orcs
  6 ball pythons
  7 bats
  9 endoplasms
  3 giant cockroaches
  3 hobgoblins
  7 jackals
  3 quokkas
  5 frilled lizards
  2 gnoll zombies (Ossuary)
  18 goblins
  3 hobgoblin zombies (Ossuary)
  23 kobolds
  A kobold zombie (Ossuary)
  2 orc zombies (Ossuary)
  7 rats
1447 creatures vanquished.

Vanquished Creatures (collateral kills)
  Nikola (Spider:1)
  A titan (Vaults:4)
  A frost giant (Depths:2)
  A deep elf sorcerer (Elf:3)
  A deep elf elementalist (Elf:3)
  2 deep elf death magi (Elf:3)
  An ironbound thunderhulk (Vaults:4)
  2 merfolk javelineers (Shoals:4)
  2 merfolk impalers
  2 ice dragons
  A juggernaut simulacrum (Depths:2)
  A merfolk avatar (Shoals:4)
  A hydra (Lair:5)
  An alligator snapping turtle (Shoals:4)
  2 dancing weapons
  A demonic crawler (Spider:1)
  2 deep elf knights (Elf:3)
  2 deep trolls (Vaults:2)
  An arcanist (Vaults:4)
  A deep elf archer (Elf:3)
  3 deep elf pyromancers
  A wolf spider (shapeshifter) (Depths:2)
  2 deep elf zephyrmancers (Elf:3)
  An orc sorcerer (Orc:2)
  A manticore (D:11)
  2 ugly things (Depths:1)
  4 fauns
  A black mamba (Lair:5)
  A vault sentinel (Vaults:1)
  A torpor snail (Lair:4)
  A komodo dragon (D:9)
  A yaktaur (Vaults:1)
  A polar bear (Lair:1)
  A merfolk (Shoals:3)
  2 wind drakes
  A tarantella (Spider:1)
  A blink frog (Lair:5)
  A dream sheep (Shoals:4)
  A spriggan (Lair:5)
  3 yaks
  A water elemental (Elf:2)
  A fire elemental (Elf:2)
  An orc warrior (D:11)
  A wolf (Lair:1)
  A centaur (Shoals:2)
  An ogre (Orc:2)
  A bullfrog (Lair:1)
  2 killer bees (D:10)
  2 orc priests (D:11)
  An orc (D:11)
  A tentacle (Shoals:2)
70 creatures vanquished.

Vanquished Creatures (others)
  A deep elf master archer (Elf:3)
  Donald (Elf:3)
  A deep elf sorcerer (Elf:3)
  A deep elf demonologist (Elf:3)
  3 deep elf annihilators (Elf:3)
  3 deep elf death magi (Elf:3)
  2 deep elf high priests (Elf:3)
  A merfolk aquamancer (Shoals:4)
  A pharaoh ant (Spider:2)
  A deep elf archer (Elf:3)
  3 orb spiders (Spider:2)
  6 deep elf pyromancers
  2 wolf spiders (Spider:2)
  An arcanist (D:10)
  8 deep elf zephyrmancers
  A moth of wrath (Spider:2)
  A torpor snail (Spider:2)
  A tarantella (Spider:2)
  A glass eye (shapeshifter) (Elf:1)
  6 jumping spiders (Spider:2)
  4 culicivoras (Spider:2)
  A redback (Spider:2)
  A boggart (Vaults:1)
  An orc (D:7)
  15 tentacles
67 creatures vanquished.

Grand Total: 1584 creatures vanquished

Notes
Turn   | Place    | Note
-------+----------+-------------------------------------------
     0 | D:1      | jasper the Demonspawn Warper began the quest for the Orb.
     0 | D:1      | Reached XP level 1. HP: 16/16 MP: 3/3
   144 | D:1      | Gained mutation: You are partially covered in thin metallic
                  | scales. (AC +2) [demonic ancestry]
   144 | D:1      | Reached XP level 2. HP: 22/22 MP: 5/5
   540 | D:1      | Gained mutation: You are mostly covered in thin metallic
                  | scales. (AC +3) [demonic ancestry]
   540 | D:1      | Reached XP level 3. HP: 27/28 MP: 6/6
   960 | D:2      | Gained mutation: A weak demonic guardian rushes to your
                  | aid. [demonic ancestry]
   960 | D:2      | Reached XP level 4. HP: 32/34 MP: 7/7
  1743 | D:3      | Found a broken altar of Ashenzari.
  1771 | D:3      | Found an opulent altar of Gozag.
  1813 | D:3      | Became a worshipper of Gozag Ym Sagoz the Greedy
  1930 | D:3      | Found a hazy altar of Hepliaklqana.
  2026 | D:3      | Found a faded altar of an unknown god.
  2240 | D:3      | Found Mobel's Book Shoppe.
  2302 | D:4      | Noticed Grinder
  2302 | D:4      | Found an iron altar of Okawaru.
  2304 | D:4      | Paralysed by Grinder for 3 turns
  2315 | D:4      | Paralysed by Grinder for 5 turns
  2331 | D:4      | Killed Grinder
  2332 | D:4      | Reached skill level 5 in Unarmed Combat
  2332 | D:4      | Reached XP level 5. HP: 34/39 MP: 8/8
  2332 | D:4      | Reached XP level 6. HP: 41/46 MP: 9/9
  2508 | D:4      | Noticed Sigmund
  2519 | D:4      | Killed Sigmund
  2520 | D:4      | Gained mutation: Your touch may inflict minor irresistible
                  | damage on your foes. [demonic ancestry]
  2520 | D:4      | Reached XP level 7. HP: 51/51 MP: 10/10
  2650 | D:4      | Found a basalt altar of Yredelemnul.
  2886 | D:4      | Noticed Robin
  2897 | D:4      | Killed Robin
  2961 | D:4      | Found a shimmering blue altar of Sif Muna.
  3245 | D:5      | Entered Level 5 of the Dungeon
  3389 | D:5      | Found a staircase to the Ecumenical Temple.
  3441 | D:5      | Found a stormy altar of Qazlal.
  3651 | D:5      | Identified the +1 robe of Jasebb {rPois rC+}
  3960 | D:6      | Found Cuygaxzulid's General Store.
  3990 | D:6      | Bought a +1 pair of boots for 161 gold pieces
  3990 | D:6      | Bought a scroll of teleportation for 42 gold pieces
  3990 | D:6      | Bought a scroll of fear for 56 gold pieces
  3990 | D:6      | Bought a scroll of vulnerability for 56 gold pieces
  4034 | D:6      | Reached XP level 8. HP: 44/57 MP: 11/11
  4321 | D:6      | Found a sand-covered staircase.
  4332 | Ossuary  | Entered an ossuary
  4709 | D:6      | Noticed Maggie
  4710 | D:6      | Noticed Jeremiah
  4715 | D:6      | Noticed Pikel
  5046 | D:7      | Reached skill level 10 in Unarmed Combat
  5102 | D:7      | Noticed Menkaure
  5118 | D:7      | Killed Menkaure
  5334 | D:7      | Gained mutation: You are partially covered in sharp spines.
                  | [demonic ancestry]
  5334 | D:7      | Reached XP level 9. HP: 67/67 MP: 12/12
  5434 | D:7      | Reached skill level 5 in Fighting
  5538 | D:8      | Paralysed by a hornet for 1 turns
  5625 | D:8      | Noticed a two-headed ogre
  5626 | D:8      | Found a runed translucent gate.
  5627 | D:8      | Found a runed translucent gate.
  5628 | D:8      | Found a runed translucent gate.
  5629 | D:8      | Noticed ezpacito's ghost (journeyman DsCK)
  5629 | D:8      | Noticed a boulder beetle
  6207 | D:8      | Noticed Joseph
  6222 | D:8      | Paralysed by Joseph for 5 turns
  6228 | D:8      | Killed Joseph
  6304 | D:9      | Noticed a two-headed ogre
  6355 | D:9      | Found a burning altar of Makhleb.
  6375 | D:9      | Noticed a two-headed ogre
  6379 | D:9      | Killed a two-headed ogre
  6380 | D:9      | Reached skill level 10 in Fighting
  6380 | D:9      | Gained mutation: A demonic guardian rushes to your aid.
                  | [demonic ancestry]
  6380 | D:9      | Reached XP level 10. HP: 51/85 MP: 13/13
  6384 | D:9      | Killed a two-headed ogre
  6448 | D:9      | Reached skill level 5 in Dodging
  6898 | D:9      | Noticed a deep elf pyromancer
  6926 | D:9      | Killed a deep elf pyromancer
  7288 | D:9      | Gained mutation: Your touch may inflict irresistible damage
                  | on your foes. [demonic ancestry]
  7288 | D:9      | Reached XP level 11. HP: 54/90 MP: 14/14
  7402 | D:9      | Found a staircase to the Lair.
  7696 | D:10     | Entered Level 10 of the Dungeon
  8227 | D:10     | Found a bloodstained altar of Trog.
  8228 | D:10     | Noticed a wizard
  8234 | D:10     | Killed a wizard
  8924 | D:11     | Noticed a two-headed ogre
  8933 | D:11     | Killed a two-headed ogre
  8934 | D:11     | Reached skill level 10 in Dodging
  8934 | D:11     | Reached skill level 1 in Shapeshifting
  8955 | D:11     | Reached skill level 2 in Shapeshifting
  9076 | D:11     | Reached skill level 3 in Shapeshifting
  9194 | D:11     | Reached skill level 4 in Shapeshifting
  9229 | D:11     | Noticed a skeletal warrior
  9266 | D:11     | Killed a skeletal warrior
  9320 | D:11     | Noticed a skeletal warrior
  9320 | D:11     | Noticed a skeletal warrior
  9346 | D:11     | Killed a skeletal warrior
  9347 | D:11     | Reached skill level 5 in Shapeshifting
  9353 | D:11     | Killed a skeletal warrior
 10133 | D:11     | Reached skill level 6 in Shapeshifting
 10404 | Lair:1   | Entered Level 1 of the Lair of Beasts
 10404 | Lair:1   | Noticed Fannar
 10420 | Lair:1   | Killed Fannar
 10482 | Lair:1   | Reached skill level 7 in Shapeshifting
 10659 | Lair:1   | Reached XP level 12. HP: 93/97 MP: 15/15
 10913 | Lair:1   | Reached skill level 8 in Shapeshifting
 11074 | Lair:1   | Noticed Amaemon
 11101 | Lair:1   | Killed Amaemon
 11102 | Lair:1   | Reached skill level 9 in Shapeshifting
 11556 | Lair:2   | Noticed a four-headed hydra
 11583 | Lair:2   | Killed a four-headed hydra
 11629 | Lair:2   | Reached skill level 10 in Shapeshifting
 11735 | Lair:2   | Noticed a seven-headed hydra
 11751 | Lair:2   | Killed a seven-headed hydra
 11910 | Lair:2   | Noticed Erica
 11925 | Lair:2   | Killed Erica
 12218 | Lair:2   | Reached skill level 11 in Shapeshifting
 12714 | Lair:3   | Found a staircase to the Shoals.
 12756 | Lair:3   | Found a gate leading to a gauntlet.
 12781 | Gauntlet | Entered a Gauntlet
 12781 | Gauntlet | Found a transporter.
 12781 | Gauntlet | Found a transporter.
 12813 | Gauntlet | Found a transporter.
 12817 | Gauntlet | Found a transporter.
 12817 | Gauntlet | Found a transporter.
 12831 | Gauntlet | Found a transporter.
 12844 | Gauntlet | Found a transporter.
 12847 | Gauntlet | Found a transporter.
 12855 | Gauntlet | Found a transporter.
 12858 | Gauntlet | Noticed a quicksilver ooze
 12868 | Gauntlet | Noticed a hell beast
 12872 | Gauntlet | Found a transporter.
 12887 | Gauntlet | Found a transporter.
 12890 | Gauntlet | Found a transporter.
 12927 | Gauntlet | Reached XP level 13. HP: 102/103 MP: 16/16
 12941 | Gauntlet | Identified the +2 helmet of Zeottos {rC+ Dex+3}
 13033 | Gauntlet | Killed a quicksilver ooze
 13043 | Gauntlet | Identified the amulet of Zelysoci {Faith Str+3}
 13048 | Gauntlet | Identified the +5 falchion "Opint" {freeze, rF+}
 13048 | Gauntlet | Noticed a minotaur
 13300 | Gauntlet | Killed a minotaur
 13411 | Lair:3   | Found a hole to the Spider Nest.
 13430 | Lair:3   | Reached skill level 12 in Shapeshifting
 14729 | Lair:4   | Reached skill level 13 in Shapeshifting
 15173 | Lair:5   | Entered Level 5 of the Lair of Beasts
 15625 | Lair:5   | Reached skill level 1 in Evocations
 15841 | Lair:5   | Found a staircase to the Slime Pits.
 16046 | Lair:5   | Reached skill level 5 in Evocations
 16098 | Lair:5   | Gained mutation: Your touch may irresistibly damage your
                  | foes and sap their willpower. [demonic ancestry]
 16098 | Lair:5   | Reached XP level 14. HP: 110/110 MP: 17/17
 16118 | Lair:5   | Reached skill level 14 in Shapeshifting
 16506 | Lair:5   | Found a corrupted altar of Lugonu.
 16506 | Lair:5   | Found a one-way gate to the infinite horrors of the Abyss.
 17035 | D:12     | Identified the +2 great sword of Dishonour {drain, *Slow
                  | Int+4 Dex+3}
 17097 | D:12     | Gained mutation: Armour fits poorly on your strangely
                  | shaped body. [a neqoxec]
 17265 | D:12     | Found a runed translucent door.
 17279 | D:12     | Noticed Ruich's ghost (novice CoHu)
 17291 | D:12     | Killed Ruich's ghost
 17297 | D:12     | Reached skill level 15 in Shapeshifting
 17608 | D:12     | Found a roughly hewn altar of Beogh.
 17612 | D:12     | Found a staircase to the Orcish Mines.
 17791 | Orc:1    | Entered Level 1 of the Orcish Mines
 18290 | Orc:1    | Lost mutation: Armour fits poorly on your strangely shaped
                  | body. [potion of mutation]
 18290 | Orc:1    | Gained mutation: You have supernaturally acute eyesight.
                  | (SInv) [potion of mutation]
 18292 | Orc:2    | Entered Level 2 of the Orcish Mines
 18447 | Orc:2    | Found a staircase to the Elven Halls.
 18721 | Orc:2    | Found Olos's General Store.
 18745 | Orc:2    | Found Sues's Magic Scroll Shop.
 18885 | Orc:2    | Bought a scroll of fog for 56 gold pieces
 18885 | Orc:2    | Bought a scroll of revelation for 105 gold pieces
 18885 | Orc:2    | Bought a scroll of blinking for 105 gold pieces
 18885 | Orc:2    | Bought a scroll of fear for 56 gold pieces
 18885 | Orc:2    | Bought a scroll of teleportation for 42 gold pieces
 18887 | Orc:2    | Bought a scroll of fog for 64 gold pieces
 18887 | Orc:2    | Bought a scroll of vulnerability for 64 gold pieces
 18925 | Orc:2    | Reached skill level 16 in Shapeshifting
 19084 | Orc:2    | Found Anwileh's Antique Weapon Emporium.
 19084 | Orc:2    | Found a one-way gate leading to the halls of Pandemonium.
 19084 | Orc:2    | Found Komerel's Jewellery Shoppe.
 19090 | Orc:2    | Bought the ring of Qemeff {rF+++ rN+ Will+} for 1014 gold
                  | pieces
 19090 | Orc:2    | Bought a ring of poison resistance for 300 gold pieces
 19551 | D:13     | You fall into a shaft and drop 2 floors!
 19551 | D:15     | Entered Level 15 of the Dungeon
 19570 | D:15     | Reached XP level 15. HP: 109/115 MP: 18/18
 19577 | D:15     | Found a staircase to the Depths.
 19766 | D:13     | Reached skill level 17 in Shapeshifting
 20040 | D:13     | Identified the +6 sling "Caruz" {speed, Dex+2}
 20167 | D:13     | Found a gate to the Vaults.
 20362 | D:13     | Noticed Sonja
 20364 | D:13     | Sonja changed into Sonja the warg
 20364 | D:13     | Noticed Sonja
 20367 | D:13     | Killed Sonja the warg
 21131 | D:14     | Found Zurya's Book Shoppe.
 21413 | D:15     | Paralysed by an ogre mage for 3 turns
 22008 | Shoals:1 | Entered Level 1 of the Shoals
 23021 | Shoals:2 | Gained mutation: A powerful demonic guardian rushes to your
                  | aid. [demonic ancestry]
 23021 | Shoals:2 | Reached XP level 16. HP: 124/125 MP: 19/19
 23260 | Shoals:2 | Noticed Zays's ghost (adept GrEE)
 23261 | Shoals:2 | Found a transporter.
 23270 | Shoals:2 | Found a transporter.
 23277 | Shoals:2 | Noticed a kraken
 23296 | Shoals:2 | Killed a kraken
 24798 | Shoals:4 | Entered Level 4 of the Shoals
 24991 | Shoals:4 | Got the Catalogue of Substances and Cryomancy
 25068 | Shoals:4 | Identified the +5 longbow of Daile {heavy, rPois rC-
                  | Will+++ Int-4}
 25497 | Shoals:4 | Identified the ring of Ygues {^Contam Str+6 Int+5 Dex+2}
 26190 | Shoals:4 | Reached skill level 15 in Unarmed Combat
 26260 | Shoals:4 | Reached XP level 17. HP: 82/133 MP: 14/20
 26265 | Shoals:4 | Got a barnacled rune of Zot
 26710 | Spider:1 | Entered Level 1 of the Spider Nest
 27059 | Spider:1 | Noticed Louise
 27073 | Spider:1 | Killed Louise
 28112 | Spider:2 | Noticed Arachne
 28119 | Spider:2 | HP: 3/139 [pharaoh ant (25)]
 28134 | Spider:1 | Killed Arachne
 28334 | Spider:2 | Noticed Nikola
 28741 | Spider:1 | Reached skill level 15 in Fighting
 29087 | Spider:1 | Killed Nikola
 30875 | Spider:4 | Entered Level 4 of the Spider Nest
 31733 | Spider:4 | Gained mutation: You are mostly covered in sharp spines.
                  | [demonic ancestry]
 31733 | Spider:4 | Reached XP level 18. HP: 149/149 MP: 21/21
 32440 | Spider:4 | Learned a level 1 spell: Apportation
 32443 | Spider:4 | Learned a level 2 spell: Blink
 32785 | Spider:4 | Reached skill level 15 in Dodging
 32936 | Spider:4 | Got a gossamer rune of Zot
 33345 | Elf:1    | Entered Level 1 of the Elven Halls
 33350 | Elf:1    | Reached skill level 5 in Translocations
 33521 | Elf:1    | Found Degiropt's General Store.
 33529 | Elf:1    | Bought a scroll of fear for 80 gold pieces
 33538 | Elf:1    | Noticed Jorgrun
 33546 | Elf:1    | Killed Jorgrun
 33665 | Elf:1    | Found a shimmering blue altar of Sif Muna.
 34434 | Elf:1    | Bought a +0 pair of boots of flying for 230 gold pieces
 35478 | Elf:2    | Found a runed translucent gate.
 35486 | Elf:2    | Found a runed translucent gate.
 35486 | Elf:2    | Found a runed translucent gate.
 35939 | Elf:3    | Entered Level 3 of the Elven Halls
 35962 | Elf:3    | Noticed Mara
 36075 | Elf:3    | Reached XP level 19. HP: 155/155 MP: 22/22
 36658 | Elf:3    | Identified the staff "Fuxzyiz" {Air Earth}
 36677 | Elf:3    | Identified the +2 short sword of Fundamental Breach
                  | {freeze, rCorr}
 36710 | Elf:3    | Identified the +8 glaive of Crawling {protect, rElec Str+6
                  | Int+2}
 36730 | Elf:3    | Identified the +10 flail of the Sky {elec, +Blink rPois
                  | Str+2}
 37047 | Elf:3    | Got Wixkeumm's Folio of Blasting
 37093 | Elf:3    | Identified the ring "Jecuq" {Fly rPois rF- Will+++ Stlth+}
 37317 | Elf:3    | Identified the +9 chain mail of Day {rC+}
 37317 | Elf:3    | Identified the amulet of Elusil {Reflect rF+ Str+2 Int+3
                  | SH+5 SInv}
 37317 | Elf:3    | Noticed Donald
 37327 | Elf:3    | Killed Donald
 37354 | Elf:3    | Identified the ring "Ypugikhli" {rPois MP+9 Int+3}
 37411 | Elf:3    | Found the +8 longbow "Zephyr" {speed, Dex+3 SInv}
 37541 | Elf:3    | Got Sif Muna's Essays on Ill Luck and Reformation
 37688 | Vaults:1 | Entered Level 1 of the Vaults
 37695 | Vaults:1 | Noticed Norris
 37938 | Vaults:1 | Killed Norris
 39314 | Vaults:2 | Found Zorchulu's Jewellery Shoppe.
 39772 | Vaults:2 | Gained mutation: Your magical and physical power is
                  | slightly enhanced at high health. [demonic ancestry]
 39772 | Vaults:2 | Reached XP level 20. HP: 66/162 MP: 4/23
 40365 | Vaults:2 | Reached skill level 18 in Shapeshifting
 40923 | Vaults:2 | Identified the +3 scale mail "Feboib" {rF+ Int+3}
 41190 | Vaults:3 | Noticed a dread lich
 41215 | Vaults:3 | Killed a dread lich
 41687 | Vaults:3 | Reached skill level 19 in Shapeshifting
 42245 | Vaults:3 | Found a staircase to the Crypt.
 42934 | Vaults:4 | Identified the +6 falchion of Destiny {drain, *Slow rElec
                  | Str+3}
 42944 | Vaults:4 | Found Oxtapn's Distillery.
 42960 | Vaults:4 | Bought a potion of enlightenment for 120 gold pieces
 42960 | Vaults:4 | Bought 2 potions of curing for 144 gold pieces
 42960 | Vaults:4 | Bought 2 potions of heal wounds for 240 gold pieces
 42960 | Vaults:4 | Bought a potion of might for 96 gold pieces
 42960 | Vaults:4 | Bought a potion of curing for 72 gold pieces
 42960 | Vaults:4 | Bought a potion of might for 96 gold pieces
 42960 | Vaults:4 | Bought a potion of haste for 240 gold pieces
 43311 | Vaults:4 | Found Nuonnin's Assorted Antiques.
 43320 | Vaults:4 | Bought a potion of lignification for 63 gold pieces
 43320 | Vaults:4 | Bought a potion of curing for 63 gold pieces
 43320 | Vaults:4 | Bought a scroll of blinking for 157 gold pieces
 43320 | Vaults:4 | Bought a wand of roots (4) for 201 gold pieces
 43351 | Vaults:4 | Reached skill level 20 in Shapeshifting
 43357 | Vaults:4 | Found Nofeiber's Armour Emporium.
 43595 | Vaults:4 | Gained mutation: Your magical and physical power is
                  | enhanced at high health. [demonic ancestry]
 43595 | Vaults:4 | Reached XP level 21. HP: 150/168 MP: 24/24
 43858 | Depths:1 | Entered Level 1 of the Depths
 43870 | Depths:1 | You are sucked into a shaft and drop 1 floor!
 43887 | Depths:2 | Found a one-way gateway to a ziggurat.
 44106 | Depths:1 | Found Ani Ahoihi's Distillery.
 44141 | Depths:1 | Bought a potion of curing for 42 gold pieces
 44141 | Depths:1 | Bought a potion of magic for 112 gold pieces
 44141 | Depths:1 | Bought a potion of curing for 42 gold pieces
 44141 | Depths:1 | Bought a potion of curing for 42 gold pieces
 44141 | Depths:1 | Bought a potion of might for 56 gold pieces
 44141 | Depths:1 | Bought a potion of heal wounds for 70 gold pieces
 44141 | Depths:1 | Bought a potion of heal wounds for 70 gold pieces
 44141 | Depths:1 | Bought a potion of lignification for 42 gold pieces
 44141 | Depths:1 | Bought a potion of heal wounds for 70 gold pieces
 44180 | Depths:1 | Found Uruih's Antique Armour Shoppe.
 44196 | Depths:1 | Found Wuschyu's Weapon Shop.
 44647 | Depths:1 | Found Ymafozenn's Assorted Antiques.
 44655 | Depths:1 | Bought a scroll of teleportation for 75 gold pieces
 44655 | Depths:1 | Bought a scroll of vulnerability for 100 gold pieces
 44655 | Depths:1 | Bought a scroll of butterflies for 100 gold pieces
 44720 | Depths:1 | Found Enlemah's Assorted Antiques.
 44726 | Depths:1 | Bought a potion of curing for 87 gold pieces
 44726 | Depths:1 | Bought a potion of heal wounds for 145 gold pieces
 44726 | Depths:1 | Bought a potion of mutation for 232 gold pieces
 44726 | Depths:1 | Bought a potion of curing for 87 gold pieces
 44726 | Depths:1 | Bought a scroll of blinking for 217 gold pieces
 44764 | Depths:1 | Reached skill level 21 in Shapeshifting
 44881 | Depths:1 | Found an ornate altar of the Wu Jian Council.
 44936 | Depths:1 | Found a gateway to Hell.
 45348 | Depths:2 | Identified the orb of Faif {*channel, rElec rPois Necro}
 45348 | Depths:2 | Noticed Frederick
 45409 | Depths:2 | Shot with an arrow by a deep elf master archer

Illustrated notes

Levels and vault maps discovered:
D:1:      minmay_arrival_five_plusses, layout_basic, minmay_tetromino_i4
D:2:      layout_basic, minmay_liquid_box, bh_walls_and_bars
D:3:      layout_loops_ring, mainiacjoe_overflow_concentric_impassable,
          ashenzari_conservatory_becter, old_standard_altar, serial_shops,
          nicolae_shop_real_fake_doors, nicolae_ecumenical_oubliette
D:4:      layout_loops_ring, nicolae_sif_muna_little_library,
          okawaru_metal_pillars_1_2, lemuel_zombie_altar_yredelemnul,
          uniq_robin, uniq_sigmund, uniq_grinder
D:5:      nicolae_BIG_FREAKIN_CUBE, layout_gridville, lemuel_crystal_altar,
          minmay_temple_entry_stoned_glass
D:6:      layout_layer_cave, serial_shops, shop, enter_ossuary_1, uniq_pikel,
          uniq_maggie, uniq_jeremiah
D:7:      layout_loops_ring, uniq_menkaure
D:8:      layout_loops_ring, gammafunk_ghost_split, uniq_joseph
D:9:      cheibrodos_two_vegetables, layout_basic, mainiacjoe_overflow_paths,
          erik_lair_dragon
D:10:     layout_layer_cave, trog_wizard
D:11:     layout_layer_cave
D:12:     layout_cave_pools, david_orc_5, hellmonk_ghost_big_iron
D:13:     layout_irregular_city, hangedman_vaults_entry_quadrant_bands,
          uniq_sonja
D:14:     layout_basic, chequers_serial_rivers_micro_d, serial_shops,
          kennysheep_mini, minmay_sticks_and_stones
D:15:     grunt_enter_depths_hoard, layout_rooms, minmay_misc_feat_tower,
          minmay_splitting_lines
Lair:1:   dreamdust_cave_troll, layout_small_grid, grunt_megastairs_1,
          uniq_amaemon, uniq_fannar
Lair:2:   layout_gridlike, eino_small_chamber_without_monster,
          lemuel_fruit_tree, grunt_megastairs_2, infiniplex_staircase_pool_2,
          uniq_erica
Lair:3:   layout_regular_city, shoals_dummy_entry,
          nicolae_spider_entry_lesser_pyramids, gauntlet_entry_generic,
          hellmonk_talismancer
Lair:4:   layout_cave_pods, grunt_megastairs_3
Lair:5:   hellmonk_lair_end_abyssal_woods, layout_regular_city, slime_entry_1
Shoals:1: layout_shoals, nicolae_shoals_water_elemental_grotto
Shoals:2: layout_shoals, ebering_ghost_davey_jones,
          nicolae_shoals_lost_giant_amphitheater, centaur_isle
Shoals:3: cheibrodos_shoals_roost, layout_shoals,
          nicolae_shoals_square_sea_wall, nicolae_shoals_gull_way
Shoals:4: shoals_end_grunt_ice, layout_shoals
Spider:1: layout_spider_delve, nicolae_spider_checkerboard, uniq_louise
Spider:2: layout_spider_delve, nicolae_spider_webs_and_nodes,
          nicolae_orb_stairs, uniq_arachne, uniq_nikola
Spider:3: layout_spider_delve
Spider:4: spider_rune_water
Orc:1:    layout_caves, regret_index_minedec_guest_junction
Orc:2:    pf_orc_diabolical, layout_caves
Elf:1:    minmay_elf_arrival_plus, layout_geoelf_octagon, serial_shops, shop,
          basic_altar, evilmike_minifort, uniq_jorgrun
Elf:2:    nicolae_elf_blades_splatter_lattice
          [nicolae_blade_entry_area_security], layout_loops_cross,
          nicolae_elf_variegated_diamond
Elf:3:    grunt_elf_hall_branching, layout_geoelf_grid, minmay_elf_sorcery,
          uniq_mara, uniq_donald
Vaults:1: nicolae_vaults_trapezoid_lopsided_1, ontoclasm_vaults_shuriken,
          nicolae_vaults_sightless_eye, ontoclasm_vaults_decontamination,
          nicolae_vaults_trapezoid_4, nicolae_vaults_wine_cellar,
          nicolae_vaults_trapezoid_1, nicolae_vaults_more_shelving_1,
          serial_ice_m, layout_vaults_omnicross, uniq_norris
Vaults:2: nicolae_vaults_closet_pinwheel_3, v_misc_18, hangedman_vaults_cutoff,
          vaults_mumra_hex, v_misc_22, grunt_vaults_focal,
          ontoclasm_vaults_fault, nicolae_vaults_border_crossing,
          layout_vaults_chaotic_city, serial_shops, shop
Vaults:3: hangedman_vaults_unwind, v_misc_9, vaults_room_fours,
          nicolae_vaults_you_can_take_it_with_you,
          minmay_crypt_entry_simple_box, nicolae_vaults_trapezoid_layered,
          nicolae_vaults_storage_closets_2, nicolae_vaults_network_quinsquares
          [nicolae_vaults_network_quincunx_subvault,
          nicolae_vaults_network_quincunx_subvault,
          nicolae_vaults_network_quincunx_subvault,
          nicolae_vaults_network_quincunx_subvault],
          nicolae_vaults_little_squares_3, v_pattern_4,
          nicolae_vaults_ring_of_whatevers, nicolae_vaults_double_plus_3,
          nicolae_vaults_house_1, nicolae_vaults_storage_room_water,
          layout_vaults_ring
Vaults:4: v_misc_28, nicolae_vaults_closet_pinwheel_2, hangedman_vaults_slice,
          nicolae_vaults_house_2, v_misc_2, nicolae_vaults_house_1,
          nicolae_vaults_trapezoid_3, nicolae_vaults_tangram_1,
          nicolae_vaults_tangram_1, nicolae_vaults_offset_grid_hallway_3,
          nicolae_vaults_trapezoid_4, nicolae_vaults_diamond_1,
          nicolae_vaults_yaktaur_gun_rack, layout_vaults_maze_snakey,
          serial_shops, nicolae_shop_scrapyard, shop,
          nicolae_shop_temple_entry_statues_fountains
Depths:1: layout_roguey, nicolae_benzene_ring, rand_demon_pan_entry_4,
          serial_shops, nicolae_shop_peninsula, shop,
          nicolae_shop_overgrown_old_shop, nicolae_shop_tiny_glass, shop,
          pf_coc_iceberg, nzn_wu_jian_council_hall
Depths:2: hangedman_crystal_crosses_colossus [crystal_crosses_arms_four,
          crystal_crosses_arms_two, crystal_crosses_arms_two], hell_entry,
          pan_entry

Skill      XL: |  1  2  3  4  5  6  7  8  9 10 11 12 13 14 15 16 17 18 19 20 21 |
---------------+----------------------------------------------------------------+-----
Unarmed Combat | 2 3 5 6 8 10 12 15 17 20 | 20.0
Dodging        | 2 3 8 10 11 12 14 15 | 15.0
Fighting       | 4 10 11 12 15 | 15.0
Shapeshifting  | 7 11 13 16 17 20 21 | 21.4
Evocations     | 5 |  5.0
Translocations | 5 |  5.0
Throwing       | |  0.8
Armour         | |  0.8
Spellcasting   | |  2.0

Action                     |  1- 3 |  4- 6 |  7- 9 | 10-12 | 13-15 | 16-18 | 19-21 || total
---------------------------+-------+-------+-------+-------+-------+-------+-------++-------
  Melee: Unarmed           |   166 |   154 |   381 |   636 |   999 |  1204 |  1000 ||  4540
         Punch             |     1 |     6 |    21 |    20 |    74 |   146 |   156 ||   424
         Touch             |       |       |    74 |    63 |   206 |   234 |   242 ||   819
  Throw: Boomerang         |       |    32 |       |    12 |       |       |       ||    44
 Invoke: Potion Petition   |       |       |       |       |       |     1 |       ||     1
         Bribe Branch      |       |       |       |       |       |     1 |       ||     1
Ability: Begin Untransform |       |       |       |       |     1 |     1 |       ||     2
  Evoke: Wand              |       |       |     3 |    18 |     2 |     3 |       ||    26
         Lightning rod     |       |       |       |       |       |     8 |     4 ||    12
         Phial of floods   |       |       |       |       |       |     2 |     1 ||     3
    Use: Scroll            |       |     8 |    14 |     4 |     8 |     9 |     8 ||    51
         Potion            |       |     2 |       |     5 |     1 |     2 |     9 ||    19
   Stab: Sleeping          |     1 |       |     1 |     1 |     2 |     2 |    10 ||    17
         Distracted        |       |       |     6 |     3 |    13 |    14 |     5 ||    41
         Petrified         |       |       |       |       |     4 |       |       ||     4
 Armour: Leather armour    |    11 |       |       |       |       |       |       ||    11
         Ring mail         |    76 |    86 |       |       |    90 |       |       ||   252
         Skin              |       |     2 |       |    16 |       |       |       ||    18
         Scale mail        |       |     1 |    30 |       |       |       |       ||    31
         Robe              |       |       |   213 |   316 |    36 |       |       ||   565
         Troll leather arm |       |       |       |       |   404 |   866 |   545 ||  1815
  Dodge: Dodged            |    82 |   107 |   190 |   501 |   967 |  1413 |   731 ||  3991
  Block: Buckler           |       |       |       |    59 |     7 |       |       ||    66
         Other             |       |       |       |       |       |    97 |       ||    97
         Reflection        |       |       |       |       |       |     8 |       ||     8
   Form: Blade             |       |       |       |     2 |     2 |     1 |       ||     5
                           |       |       |       |     1 |       |       |       ||     1
         Maw               |       |       |       |       |     1 |       |       ||     1

Table legend: (Time is in decaauts)
 A = Elapsed time spent in this place.
 B = Non-inter-level travel time spent in this place.
 C = Inter-level travel time spent in this place.
 D = Time resting spent in this place.
 E = Time spent auto-exploring this place.
 F = Levels seen in this place.
 G = Mean time per level.
                   A        B        C        D        E       F      G
               +--------+--------+--------+--------+--------+-----+--------+
         Total |  44930 |  42020 |   2910 |   6147 |  22618 |  41 | 1095.9 |
       Dungeon |  13811 |  12777 |   1034 |    780 |   8574 |  15 |  920.7 |
          Lair |   6004 |   5681 |    323 |    387 |   3759 |   5 | 1200.8 |
        Shoals |   4981 |   4675 |    306 |    754 |   1593 |   4 | 1245.2 |
   Spider Nest |   6287 |   5854 |    433 |   2103 |   2039 |   4 | 1571.8 |
  Orcish Mines |   1795 |   1642 |    153 |    145 |   1019 |   2 |  897.5 |
   Elven Halls |   4105 |   3780 |    325 |   1032 |   1433 |   3 | 1368.3 |
        Vaults |   5512 |   5215 |    297 |    406 |   3238 |   4 | 1378.0 |
        Depths |   1478 |   1443 |     35 |    153 |    706 |   2 |  739.0 |
       Ossuary |    338 |    338 |      0 |    100 |    132 |   1 |  338.0 |
      Gauntlet |    614 |    614 |      0 |    284 |    124 |   1 |  614.0 |
               +--------+--------+--------+--------+--------+-----+--------+

Top non-repeatable levels by time:
Spider:1: 2298 daAuts
Spider:4: 2148 daAuts
Shoals:4: 1913 daAuts
Vaults:2: 1675 daAuts
     D:9: 1647 daAuts
   Elf:2: 1568 daAuts
  Lair:5: 1533 daAuts
    D:13: 1507 daAuts
Vaults:3: 1467 daAuts
    D:11: 1455 daAuts
   Elf:1: 1430 daAuts
    D:10: 1263 daAuts
Vaults:1: 1247 daAuts
Spider:3: 1189 daAuts
Depths:1: 1165 daAuts
